 Dungeon Crawl Stone Soup version 0.21.1-1-g345015f (webtiles) character file.

144786 reamonnk the Severer (level 17, -3/237 HPs)
             Began as a Hill Orc Monk on June 30, 2018.
             Was a High Priest of Beogh.
             Slain by a slime creature (13 damage)
             ... on level 3 of the Pits of Slime.
             The game lasted 02:08:34 (28500 turns).

reamonnk the Severer (Hill Orc Monk)               Turns: 28500, Time: 02:08:35

Health: -3/237     AC: 31    Str: 32    XL:     17   Next: 11%
Magic:  37/37      EV: 14    Int:  9    God:    Beogh [*****.]
Gold:   764        SH:  0    Dex: 18    Spells: 16/16 levels left

rFire    . . .     SeeInvis .   s - +4 broad axe (freeze)
rCold    + + +     Gourm    .   F - +5 shield {reflect}
rNeg     . . .     Faith    .   h - +0 plate armour
rPois    +         Spirit   .   E - +2 helmet {Int+3}
rElec    .         Reflect  +   w - +2 cloak {MR+}
rCorr    +         Harm     .   U - +1 pair of gloves of Dogmatism {rPois Int-4 Dex+7}
MR       ++...                  S - +1 pair of boots "Veykie" {rC++ Str+6}
Stlth    ..........             y - amulet "Ihyicam" {*Contam rC++ Regen+ MP+9 Stlth+}
HPRegen  0.89/turn              r - ring of resist corrosion
MPRegen  0.25/turn              m - +5 ring of evasion

@: confused, berserking, marked, very quick
A: walk on water, talons 1, iridescent scales 1, clumsy 1, wild magic 1
}: 1/15 runes: decaying
a: Smiting, Recall Orcish Followers, Give Item to Named Follower, Renounce
Religion


You were on level 3 of the Pits of Slime.
You worshipped Beogh.
Beogh was extremely pleased with you.
You were very full.

You visited 5 branches of the dungeon, and saw 30 of its levels.
You also visited: Ossuary, Ice Cave and Volcano.

You collected 2320 gold pieces.
You spent 1556 gold pieces at shops.

Inventory:

Hand Weapons
 s - a +4 broad axe of freezing (weapon)
 T - a +2 vampiric war axe
 Z - a +2 eveningstar of venom
Missiles
 k - 51 tomahawks (quivered)
Armour
 g - +0 swamp dragon scales
 h - a +0 plate armour (worn)
 w - a +2 cloak of magic resistance (worn)
 E - a +2 helmet of intelligence (worn)
 F - a +5 shield of reflection (worn)
 H - the +2 pair of gloves "Washrut" {rElec Dex+7}
   (You bought it in a shop on level 2 of the Orcish Mines)

   It affects your dexterity (+7).
   It insulates you from electricity.
 S - the +1 pair of boots "Veykie" (worn) {rC++ Str+6}
   (You acquired it on level 5 of the Dungeon)

   It affects your strength (+6).
   It greatly protects you from cold.
 U - the +1 pair of gloves of Dogmatism (worn) {rPois Int-4 Dex+7}
   (You found it on level 2 of the Lair of Beasts)

   It affects your intelligence (-4).
   It affects your dexterity (+7).
   It protects you from poison.
Jewellery
 b - an uncursed ring of ice
 m - a +5 ring of evasion (right hand)
 r - a ring of resist corrosion (left hand)
 y - the amulet "Ihyicam" (around neck) {*Contam rC++ Regen+ MP+9 Stlth+}
   (You found it on level 6 of the Lair of Beasts)

   [amulet of regeneration]

   It greatly protects you from cold.
   It affects your magic capacity (+9).
   It causes magical contamination when unequipped.
   It increases your rate of regeneration.
   It makes you more stealthy.
 M - an uncursed ring of flight
 P - an uncursed ring of fire
 Y - a +4 ring of dexterity
Wands
 l - a wand of random effects (23)
 x - a wand of iceblast (3)
Scrolls
 a - 3 scrolls of identify
 d - 15 scrolls of remove curse
 e - 4 scrolls of teleportation
 n - 6 scrolls of fear
 p - 8 scrolls of amnesia
 G - 2 scrolls of enchant armour
 N - 3 scrolls of magic mapping
 O - 2 scrolls of fog
 W - 4 scrolls of enchant weapon
 X - a scroll of silence
Potions
 o - 2 potions of cancellation
 q - a potion of magic
 t - 11 potions of curing
 z - 6 potions of brilliance
 A - 3 potions of flight
 B - 7 potions of might
 C - 3 potions of agility
 D - 4 potions of lignification
 J - 3 potions of haste
 Q - a potion of resistance {unknown}
 V - 5 potions of berserk rage
Comestibles
 c - 39 rations


   Skills:
 + Level 15.8 Fighting
 - Level 19.5(20.1) Axes
 + Level 8.4(13.6) Maces & Flails
 + Level 14.3 Armour
 - Level 2.6 Dodging
 - Level 1.7 Stealth
 + Level 11.6 Shields
 + Level 14.9 Invocations


You had 16 spell levels left.
You didn't know any spells.

Dungeon Overview and Level Annotations

Branches:
Dungeon (15/15)            Temple (0/1) D:7            Lair (6/6) D:9
  Swamp (4/4) Lair:2        Snake (0/4) Lair:3        Slime (3/5) Lair:5
    Orc (2/2) D:11            Elf (0/3) Orc:2        Vaults (0/5) D:13
 Depths (0/5) D:15

Altars:
Ashenzari
Cheibriados
Elyvilon
Fedhas
Kikubaaqudgha
Nemelex Xobeh
Okawaru
Ru
Sif Muna
Trog
Uskayaw
Zin
Beogh

Shops:
D:5 ?   D:6 :[}*}   D:10 :   D:14 ?   D:15 *   Orc:2 ((}[


Innate Abilities, Weirdness & Mutations

You can walk on water.
You have sharp toenails.
You are partially covered in iridescent scales. (AC +2)
You are clumsy. (Dex -2)
Your spells are a little harder to cast, but a little more powerful.


Message History

You easily resist.
The golden eye blinks at you.
You easily resist.
A large slime creature splits.
A slime creature comes into view.
You're too confused to move!
You feel a strong urge to attack something.
You are splashed with acid!
The walls burn you! You resist.
* * * LOW HITPOINT WARNING * * *
The very large slime creature misses you.
Two slime creatures merge to form a large slime creature.
The golden eye blinks! x2
You slash the slime creature! You freeze the slime creature.
The slime creature is severely wounded.
You slash the slime creature! You freeze the slime creature.
You slice the large slime creature!! You freeze the large slime creature.
You closely miss the very large slime creature.
You are splashed with acid!
The walls burn you! You resist.
* * * LOW HITPOINT WARNING * * *
The slime creature hits you!
You die...

#### ##GJ## #..J@##
##.JJ§# #....J# ####.#
#...§...#.# #.#...##
##........J#.....#.#
#.....#J...........####
#.............#....##..#
##..........J..G........
.........>...J.........


You could see a very large slime creature, 2 large slime creatures, 5 slime
creatures and a golden eye.

Vanquished Creatures
  A tentacled monstrosity (Swamp:2)
  3 acid blobs (Slime:2)
  A thorn hunter (Swamp:4)
  An azure jelly (Slime:2)
  Nessos (Orc:2)
  A yaktaur captain (D:15)
  An ice dragon (Swamp:4)
  A vault guard (D:13)
  A catoblepas (Lair:6)
  10 hydras
  4 centaur warriors
  11 alligators
  2 ogre magi (D:15)
  5 two-headed ogres
  A tengu warrior (D:15)
  3 death yaks (Lair:6)
  Sonja (Lair:2)
  A hell knight (D:15)
  2 skeletal warriors (D:13)
  8 swamp dragons
  2 unseen horrors
  2 spriggan druids
  3 lindwurms
  3 shambling mangroves
  2 orc knights (Orc:2)
  A deep elf mage (D:14)
  An oklob plant (Lair:6)
  2 orc sorcerers (Orc:2)
  The ghost of tidbits the Grave Robber, a novice GnNe of Cheibriados (D:9)
  6 ugly things
  A manticore (D:15)
  An elephant (Lair:6)
  3 cyclopes
  2 black mambas
  4 molten gargoyles (Volcano)
  8 spiny frogs
  2 rime drakes
  3 kobold demonologists
  4 komodo dragons
  3 tengu conjurers
  3 efreet
  6 trolls
  2 meliai (D:15)
  3 tyrant leeches
  8 hornets
  9 bog bodies
  26 slime creatures
  7 blink frogs
  6 hippogriffs
  Sigmund (D:3)
  A centaur simulacrum (D:14)
  3 shadows
  A wyvern (Lair:4)
  A wraith (Ossuary)
  13 yaks
  2 spriggans
  A basilisk (Lair:4)
  5 fire elementals (Volcano)
  A hog (shapeshifter) (D:13)
  A hungry ghost (D:11)
  A steam dragon (D:8)
  14 vampire mosquitoes
  8 insubstantial wisps
  4 wargs
  22 swamp worms
  An acid dragon (D:12)
  2 water moccasins
  10 swamp drakes
  4 porcupines
  8 orc warriors
  A sky beast (D:11)
  8 ice beasts
  3 black bears
  11 centaurs
  9 ogres
  A phantom (D:11)
  An eye of draining (D:14)
  6 wolves
  3 crocodiles
  2 big kobolds (D:12)
  An elf zombie (Ossuary)
  11 bullfrogs
  3 earth elementals
  A wyvern skeleton (D:13)
  2 scorpions
  6 wights
  4 killer bees (D:9)
  4 electric eels
  A howler monkey (D:6)
  A lava snake (D:10)
  4 centaur zombies
  9 crimson imps
  A wyvern simulacrum (D:15)
  3 jellies
  8 hounds
  A bullfrog skeleton (D:5)
  A gnoll shaman (D:6)
  2 centaur skeletons
  7 orc priests
  11 orc wizards
  4 iguanas
  7 worker ants
  3 ogre zombies (D:11)
  A big kobold zombie (Ossuary)
  A hound skeleton (D:5)
  3 mummies (Ossuary)
  A howler monkey zombie (D:6)
  Robin (D:3)
  8 gnolls
  15 adders
  A shadow imp (D:5)
  An ooze (D:4)
  2 adder skeletons (D:8)
  An adder zombie (D:8)
  5 worms
  3 dart slugs
  8 leopard geckos
  21 orcs
  6 giant cockroaches
  9 goblins
  9 hobgoblins
  19 jackals
  8 kobolds
  4 quokkas
  4 ball pythons
  10 bats
  2 frilled lizards (D:3)
  A goblin skeleton (D:11)
  6 goblin zombies
  A hobgoblin skeleton (D:11)
  3 hobgoblin zombies
  2 kobold zombies (Ossuary)
  A leopard gecko skeleton (D:5)
  2 orc skeletons (D:11)
  12 orc zombies
  A quokka skeleton (D:8)
  6 rats
  A briar patch (Swamp:4)
  A plant (D:3)
607 creatures vanquished.

Vanquished Creatures (collateral kills)
  Nikola (Swamp:1)
  A thorn hunter (Swamp:4)
  An orc warlord (Orc:2)
  The ghost of shugdite the Carver, a journeyman MiFi of Okawaru (D:11)
  13 hydras
  2 vault guards (D:13)
  7 death yaks (Lair:6)
  2 tengu warriors (D:14)
  7 two-headed ogres
  An alligator (Swamp:1)
  A deep troll shaman (Lair:6)
  3 orc high priests (Orc:2)
  Urug (D:10)
  A spriggan (Swamp:4)
  3 skeletal warriors (D:13)
  An unseen horror (D:14)
  3 swamp dragons (Swamp:4)
  An orc knight (Orc:2)
  A deep elf mage (D:14)
  3 oklob plants (Lair:6)
  7 ugly things
  3 elephants (Lair:6)
  A cyclops (D:15)
  A manticore (D:15)
  2 black mambas
  Maurice (D:10)
  3 gargoyles
  4 spiny frogs
  A kobold demonologist (D:12)
  A rime drake (Lair:4)
  3 komodo dragons
  A troll (D:14)
  A tyrant leech (Swamp:4)
  2 hornets (Swamp:4)
  A meliai (D:15)
  14 blink frogs
  8 hippogriffs
  2 polar bears
  2 bog bodies (Swamp:4)
  11 slime creatures
  2 shadows
  2 wyverns
  A wraith (D:10)
  45 yaks
  2 basilisks
  2 hungry ghosts (D:13)
  A vampire mosquito (D:14)
  A warg (Orc:2)
  5 swamp worms
  An acid dragon (D:15)
  5 porcupines
  6 water moccasins
  3 ice beasts
  3 swamp drakes (Swamp:4)
  9 orc warriors
  An eye of draining (D:10)
  A phantom (D:8)
  A black bear (Lair:6)
  7 wolves
  7 ogres
  6 crocodiles
  3 centaurs
  A big kobold (D:9)
  3 bullfrogs
  A wyvern skeleton (D:11)
  5 scorpions
  A killer bee (D:9)
  4 troll zombies (D:11)
  A howler monkey (D:14)
  3 crimson imps
  A bullfrog zombie (D:8)
  4 jellies
  7 hounds
  7 orc priests
  4 orc wizards
  2 iguanas
  A worker ant (D:10)
  An ogre zombie (D:11)
  A hound skeleton (D:8)
  An adder (D:12)
  A leopard gecko (D:7)
  11 orcs
  2 kobolds
  2 goblin zombies (D:11)
  An orc skeleton (D:11)
  4 orc zombies (D:11)
  A briar patch (Swamp:4)
  A butterfly (Lair:6)
  18 fungi
  16 plants
342 creatures vanquished.

Vanquished Creatures (others)
  A vault guard (D:13)
  3 orc sorcerers
  An orc high priest (Orc:2)
  5 orc knights
  2 hornets (Swamp:1)
  2 spriggans (Swamp:1)
  An insubstantial wisp (Swamp:2)
  18 orc warriors
  11 orc wizards
  14 orc priests
  An ooze (D:5)
  56 orcs
  7 briar patches (Swamp:4)
  A fire vortex (Volcano)
  6 fungi (Lair:6)
  9 plants
138 creatures vanquished.

Grand Total: 1087 creatures vanquished

Notes
Turn   | Place    | Note
-------+----------+-------------------------------------------
     0 | D:1      | reamonnk the Hill Orc Monk began the quest for the Orb.
     0 | D:1      | Reached XP level 1. HP: 19/19 MP: 1/1
   210 | D:1      | Reached XP level 2. HP: 26/27 MP: 2/2
  1060 | D:2      | Reached XP level 3. HP: 29/33 MP: 3/3
  1147 | D:2      | Reached skill level 1 in Armour
  1262 | D:2      | Reached skill level 5 in Axes
  1264 | D:2      | Gained mutation: You are partially covered in iridescent scales. (AC +2) [potion of mutation]
  1264 | D:2      | Gained mutation: You have sharp toenails. [potion of mutation]
  1264 | D:2      | Gained mutation: Your spells are a little harder to cast, but a little more powerful. [potion of mutation]
  1447 | D:2      | Reached XP level 4. HP: 40/40 MP: 4/4
  2370 | D:3      | Noticed Sigmund
  2387 | D:3      | Killed Sigmund
  2387 | D:3      | Reached skill level 6 in Axes
  2387 | D:3      | Reached skill level 1 in Shields
  2387 | D:3      | Reached XP level 5. HP: 12/47 MP: 5/5
  2387 | D:3      | Reached XP level 6. HP: 14/55 MP: 6/6
  2420 | D:3      | Noticed Robin
  2436 | D:3      | Reached skill level 5 in Fighting
  2440 | D:3      | Killed Robin
  3267 | D:4      | Reached skill level 7 in Axes
  3278 | D:4      | Found a sand-covered staircase.
  3283 | Ossuary  | Entered an ossuary
  3283 | Ossuary  | Noticed a wraith
  3283 | Ossuary  | Noticed a wraith
  3283 | Ossuary  | Noticed a wraith
  3349 | Ossuary  | Reached XP level 7. HP: 59/61 MP: 7/7
  3612 | Ossuary  | Noticed a wraith
  3643 | Ossuary  | Killed a wraith
  4105 | D:4      | Found a sacrificial altar of Ru.
  4107 | D:4      | Found a glowing silver altar of Zin.
  4253 | D:4      | Reached skill level 8 in Axes
  4422 | D:5      | Entered Level 5 of the Dungeon
  4486 | D:5      | Found Feylem's Magic Scroll Emporium.
  4492 | D:5      | Bought a scroll of enchant armour for 97 gold pieces
  4492 | D:5      | Bought a scroll of blinking for 97 gold pieces
  4557 | D:5      | Became a worshipper of Beogh the Brigand
  4557 | D:5      | Reached * piety under Beogh
  4557 | D:5      | Reached ** piety under Beogh
  4607 | D:5      | Reached XP level 8. HP: 48/70 MP: 8/8
  4993 | D:5      | Reached skill level 9 in Axes
  5228 | D:6      | Found Hubul's Assorted Antiques.
  5278 | D:6      | Found Coeweant's Book Shoppe.
  5310 | D:6      | Found a sparkling altar of Nemelex Xobeh.
  5310 | D:6      | Found a white marble altar of Elyvilon.
  5332 | D:6      | Reached skill level 5 in Armour
  5400 | D:6      | Found a hide-covered altar of Uskayaw.
  5405 | D:6      | Found an iron altar of Okawaru.
  5417 | D:6      | Reached skill level 10 in Axes
  5423 | D:6      | Reached XP level 9. HP: 70/79 MP: 9/9
  5444 | D:6      | Reached *** piety under Beogh
  5577 | D:6      | Found Jiditup's Gadget Shop.
  5685 | D:6      | Reached skill level 11 in Axes
  5864 | D:6      | Found Norezuprupn's Gadget Emporium.
  5893 | D:6      | Found Lacuocol's Antique Armour Shop.
  5921 | D:6      | Found a deep blue altar of Sif Muna.
  6437 | D:7      | Found a staircase to the Ecumenical Temple.
  6490 | D:7      | Reached skill level 12 in Axes
  6713 | D:7      | Found an ancient bone altar of Kikubaaqudgha.
  6713 | D:7      | Found a blossoming altar of Fedhas.
  7104 | D:8      | Noticed a two-headed ogre
  7116 | D:8      | Killed a two-headed ogre
  7116 | D:8      | Reached skill level 1 in Invocations
  7116 | D:8      | Reached XP level 10. HP: 69/90 MP: 8/11
  7313 | D:8      | Reached **** piety under Beogh
  7510 | D:8      | Gained Nordag as an ally
  7591 | D:8      | Reached skill level 13 in Axes
  7989 | D:9      | Your ally Nordag died
  8070 | D:9      | Found a bloodstained altar of Trog.
  8200 | D:9      | Noticed tidbits's ghost (novice GnNe)
  8201 | D:9      | Found a staircase to the Lair.
  8253 | D:9      | Killed tidbits's ghost
  8865 | D:10     | Entered Level 10 of the Dungeon
  8907 | D:10     | Noticed a two-headed ogre
  8907 | D:10     | Reached skill level 5 in Invocations
  8913 | D:10     | Reached skill level 14 in Axes
  8913 | D:10     | Reached XP level 11. HP: 75/99 MP: 14/14
  8916 | D:10     | Killed a two-headed ogre
  8916 | D:10     | Reached skill level 10 in Fighting
  9190 | D:10     | Noticed Maurice
  9226 | D:10     | Killed Maurice
  9239 | D:10     | Noticed a seven-headed hydra
  9244 | D:10     | Killed a seven-headed hydra
  9321 | D:10     | Noticed Urug
  9333 | D:10     | Killed Urug
  9495 | D:10     | Found Feasuywa's Book Emporium.
  9735 | D:11     | Noticed a two-headed ogre
  9802 | D:11     | Killed a two-headed ogre
  9812 | D:11     | Noticed a two-headed ogre
  9831 | D:11     | Killed a two-headed ogre
  9831 | D:11     | Reached skill level 15 in Axes
  9839 | D:11     | Reached ***** piety under Beogh
  9854 | D:11     | Noticed shugdite's ghost (journeyman MiFi)
  9861 | D:11     | Killed shugdite's ghost
  9864 | D:11     | Found a staircase to the Orcish Mines.
 10169 | D:11     | Noticed a sun demon
 10186 | D:11     | Noticed a soul eater
 10771 | D:12     | Reached XP level 12. HP: 106/110 MP: 17/17
 11108 | D:12     | Noticed a sun demon
 11314 | D:12     | Noticed a five-headed hydra
 11319 | D:12     | Killed a five-headed hydra
 11319 | D:12     | Reached skill level 16 in Axes
 11859 | Lair:1   | Entered Level 1 of the Lair of Beasts
 11911 | Lair:1   | Reached skill level 10 in Armour
 12855 | Lair:2   | Got a pair of crude gloves
 12869 | Lair:2   | Identified the +1 pair of gloves of Dogmatism {rPois Int-4 Dex+7} (You found it on level 2 of the Lair of Beasts)
 12953 | Lair:2   | Found a staircase to the Swamp.
 13026 | Lair:2   | Reached ****** piety under Beogh
 13046 | Lair:2   | Noticed Sonja
 13048 | Lair:2   | Killed Sonja
 13173 | Lair:2   | Reached skill level 17 in Axes
 13559 | Lair:3   | Found a staircase to the Snake Pit.
 13663 | Lair:3   | Reached XP level 13. HP: 113/118 MP: 20/20
 14044 | Lair:3   | Reached skill level 5 in Shields
 14347 | Lair:4   | Found a snail-covered altar of Cheibriados.
 14724 | Lair:4   | Reached skill level 10 in Invocations
 14978 | Lair:5   | Found a frozen archway.
 14987 | IceCv    | Entered an ice cave
 15022 | IceCv    | Found a transporter.
 15457 | Lair:5   | Found a staircase to the Slime Pits.
 16183 | Lair:6   | Entered Level 6 of the Lair of Beasts
 16213 | Lair:6   | Found a dark tunnel.
 16226 | Volcano  | Entered a volcano
 16472 | Volcano  | Reached skill level 18 in Axes
 16472 | Volcano  | Gained Morun as an ally
 16475 | Volcano  | Your ally Morun died
 17465 | Lair:6   | Gained Norbak as an ally
 17478 | Lair:6   | Reached XP level 14. HP: 37/127 MP: 22/22
 17482 | Lair:6   | Your ally Norbak died
 17737 | Lair:6   | Got a flickering amethyst amulet
 17768 | Lair:6   | Identified the amulet "Ihyicam" {*Contam rC++ Regen+ MP+9 Stlth+} (You found it on level 6 of the Lair of Beasts)
 18006 | Lair:6   | Gained Thorok as an ally
 18669 | D:5      | Bought a scroll of acquirement for 676 gold pieces
 18672 | D:5      | Got a pair of fine boots
 18683 | D:5      | Identified the +1 pair of boots "Veykie" {rC++ Str+6} (You acquired it on level 5 of the Dungeon)
 19025 | D:13     | Reached skill level 19 in Axes
 19442 | D:13     | Found a gate to the Vaults.
 19468 | D:13     | Gained Orgrim as an ally
 19804 | Orc:1    | Entered Level 1 of the Orcish Mines
 20025 | Orc:2    | Entered Level 2 of the Orcish Mines
 20187 | Orc:2    | Noticed Nessos
 20193 | Orc:2    | Killed Nessos
 20562 | Orc:2    | Noticed an orc warlord
 20571 | Orc:2    | Found a roughly hewn altar of Beogh.
 20575 | Orc:2    | Killed an orc warlord
 20575 | Orc:2    | Reached skill level 1 in Maces & Flails
 20606 | Orc:2    | Found Entuinuez's Antique Weapon Shop.
 20647 | Orc:2    | Found Kedeva's Antique Weapon Boutique.
 20685 | Orc:2    | Gained Brunolf as an ally
 20933 | Orc:2    | Found a roughly hewn altar of Beogh.
 20964 | Orc:2    | Paralysed by an orc sorcerer for 3 turns
 20979 | Orc:2    | Reached XP level 15. HP: 132/137 MP: 24/24
 21038 | Orc:2    | Found Siofoki's Antique Armour Boutique.
 21049 | Orc:2    | Bought a runed helmet for 210 gold pieces
 21049 | Orc:2    | Bought a shiny shield for 210 gold pieces
 21049 | Orc:2    | Bought a pair of bloodstained gloves for 266 gold pieces
 21050 | Orc:2    | Identified the +2 pair of gloves "Washrut" {rElec Dex+7} (You bought it in a shop on level 2 of the Orcish Mines)
 21090 | Orc:2    | Found Quujoen's Gadget Shop.
 21251 | Orc:2    | Found a staircase to the Elven Halls.
 21558 | D:14     | Found Xeunnuim's Magic Scroll Emporium.
 21583 | D:14     | Gained mutation: You are clumsy. (Dex -2) [a neqoxec]
 22725 | D:15     | Entered Level 15 of the Dungeon
 22833 | D:15     | Found Fidism's Pet Rocks.
 23038 | D:15     | Gained Morguth as an ally
 23332 | D:15     | Found a shattered altar of Ashenzari.
 23468 | D:15     | Reached skill level 5 in Maces & Flails
 23488 | D:15     | Found a staircase to the Depths.
 23978 | Swamp:1  | Entered Level 1 of the Swamp
 24027 | Swamp:1  | Noticed Nikola
 24045 | Swamp:1  | Killed Nikola
 24045 | Swamp:1  | Reached skill level 10 in Shields
 24419 | Swamp:1  | Reached XP level 16. HP: 64/147 MP: 26/26
 24854 | Swamp:2  | Noticed a tentacled monstrosity
 24868 | Swamp:2  | Killed a tentacled monstrosity
 25030 | Swamp:2  | Reached skill level 15 in Fighting
 26456 | Swamp:4  | Entered Level 4 of the Swamp
 26573 | Swamp:4  | Noticed a thorn hunter
 26591 | Swamp:4  | Noticed a thorn hunter
 26615 | Swamp:4  | Killed a thorn hunter
 26637 | Swamp:4  | Gained Okrist as an ally
 26779 | Swamp:4  | Killed a thorn hunter
 26785 | Swamp:4  | Your ally Okrist died
 26805 | Swamp:4  | Gained Wargath as an ally
 27269 | Swamp:4  | Got a decaying rune of Zot
 27314 | Swamp:4  | Gained Harm as an ally
 27849 | Slime:1  | Entered Level 1 of the Pits of Slime
 28043 | Slime:2  | Noticed an acid blob
 28064 | Slime:2  | Noticed an acid blob
 28078 | Slime:2  | Killed an acid blob
 28082 | Slime:2  | Killed an acid blob
 28082 | Slime:2  | Reached XP level 17. HP: 62/158 MP: 28/28
 28283 | Slime:2  | Noticed an acid blob
 28296 | Slime:2  | Killed an acid blob
 28500 | Slime:3  | HP: 9/237 [acid (4)]
 28500 | Slime:3  | Slain by a slime creature

Skill      XL: |  1  2  3  4  5  6  7  8  9 10 11 12 13 14 15 16 |
---------------+-------------------------------------------------+-----
Fighting       | 4 5 6 7 8 9 11 12 13 14 15 | 15.8
Armour         | 1 2 3 4 5 7 8 9 10 11 12 13 14 | 14.3
Axes           | 5 6 7 8 10 12 14 15 17 18 19 | 19.5
Shields        | 1 2 3 4 6 8 10 11 | 11.6
Invocations    | 1 5 7 9 11 12 13 14 | 14.9
Maces & Flails | 1 5 8 |  8.4
Dodging        | |  2.6
Stealth        | |  1.7

Action                   |  1- 3 |  4- 6 |  7- 9 | 10-12 | 13-15 | 16-18 || total
-------------------------+-------+-------+-------+-------+-------+-------++-------
Melee: Hand axe          |    34 |    23 |   442 |    67 |       |       ||   566
       Dagger            |    54 |   207 |       |       |       |       ||   261
       Kick              |       |    76 |    29 |       |       |       ||   105
       War axe           |       |       |       |   179 |   252 |       ||   431
       Eveningstar       |       |       |       |   317 |   514 |   485 ||  1316
       Broad axe         |       |       |       |       |   184 |    34 ||   218
 Fire: Hunting sling     |    11 |       |       |       |       |       ||    11
Throw: Tomahawk          |       |       |       |     3 |       |     1 ||     4
Invok: Convert to Beogh  |       |       |     1 |       |       |       ||     1
       Smiting           |       |       |     1 |    12 |    19 |     8 ||    40
       Recall Orcish Fol |       |       |       |       |     8 |     2 ||    10
       Resurrection      |       |       |       |       |     1 |     1 ||     2
       Stop Recall       |       |       |       |       |     1 |       ||     1
  Use: Potion            |     3 |       |       |       |     8 |     3 ||    14
       Scroll            |       |     5 |       |    17 |    15 |    15 ||    52
 Stab: Sleeping          |     2 |       |       |       |       |       ||     2
       Distracted        |       |       |     2 |     4 |    10 |     2 ||    18
       Invisible         |       |       |       |       |     7 |     2 ||     9
       Confused          |       |       |       |       |       |     1 ||     1
  Eat: Chunk             |     2 |     6 |     6 |     9 |    27 |     7 ||    57
       Ration            |       |       |     2 |     5 |     4 |     4 ||    15
Armor: Robe              |    15 |     2 |       |       |       |       ||    17
       Plate armour      |       |   153 |   265 |   310 |   463 |   336 ||  1527
       Scale mail        |       |       |       |       |     8 |       ||     8
Dodge: Dodged            |    91 |    46 |    82 |   199 |   420 |   308 ||  1146
Block: Buckler           |       |    27 |    82 |   102 |       |       ||   211
       Shield            |       |       |       |    27 |   515 |   443 ||   985
       Reflection        |       |       |       |       |    13 |     3 ||    16
